 Dungeon Crawl Stone Soup version 0.31.0-9-g3a7656b989 (webtiles) character file.

Game seed: 16594258483456755177

223 qw the Skirmisher (level 5, -3/30 HPs)
             Began as a Deep Elf Hunter on Feb 3, 2024.
             Slain by Duvessa
             ... wielding a +0 short sword
              (7 damage)
             ... on level 4 of the Dungeon.
             The game lasted 00:00:51 (2302 turns).

qw the Skirmisher (Deep Elf Hunter)                 Turns: 2302, Time: 00:00:52

Health: -3/30      AC:  7    Str: 10    XL:     5   Next: 66%
Magic:  7/7        EV: 11    Int: 14    God:
Gold:   120        SH:  0    Dex: 18    Spells: 4/4 levels left

rFire   . . .        a - +1 shortbow
rCold   . . .        (shield currently unavailable)
rNeg    . . .        b - +0 ring mail
rPois   .            g - +0 helmet
rElec   .            (no cloak)
rCorr   .            (no gloves)
SInv    .            i - +0 pair of boots
Will    .....        (no amulet)
Stlth   +            (no ring)
HPRegen 0.25/turn    (no ring)
MPRegen 0.10/turn

%: no passive effects
@: about to teleport
A: no striking features
a: no special abilities


You were on level 4 of the Dungeon.
You visited 1 branch of the dungeon, and saw 4 of its levels.

You collected 120 gold pieces.


   Skills:
 - Level 2.0 Fighting
 - Level 9.0 Ranged Weapons
 + Level 0.0 Armour
 - Level 2.4 Dodging
 - Level 1.2 Stealth


You had 4 spell levels left.
You didn't know any spells.
Your spell library was empty.

Inventory:

Hand Weapons
 a - a +1 shortbow (weapon)
Armour
 b - a +0 ring mail (worn)
 g - a +0 helmet (worn)
 i - a +0 pair of boots (worn)
Jewellery
 f - an amulet of reflection
Scrolls
 c - a scroll of identify
 d - a scroll of blinking {unknown}
 k - a scroll of teleportation
Potions
 e - a potion of curing
 h - 2 potions of cancellation

Dungeon Overview and Level Annotations

Branches:
Dungeon (4/15)
 Temple: D:4-7

Altars:
Vehumet

Shops:
D:1 :

Annotations:
D:4 Dowan, Duvessa


Message History

Dowan is moderately wounded.
Dowan points at you and mumbles some strange words.
The puff of flame hits you.
You shoot an arrow.
The arrow hits Dowan but does no damage.
Dowan is moderately wounded.
You shoot an arrow. The arrow hits Dowan.
Dowan is heavily wounded.
You shoot an arrow.
The arrow hits Dowan but does no damage.
Dowan is heavily wounded.
Dowan gestures at Duvessa while chanting.
Duvessa seems to speed up.
Duvessa hits you but does no damage.
2297 ||| RETREEEEATING.
Duvessa attacks as she pursues you! Duvessa closely misses you.
You shoot an arrow. The arrow closely misses Duvessa.
The arrow hits Dowan but does no damage.
Dowan is heavily wounded.
Duvessa closely misses you.
Dowan casts a spell.
Dowan blinks!
Duvessa barely misses you.
You shoot an arrow.
The arrow hits Duvessa but does no damage.
Duvessa closely misses you. Duvessa hits you with a +0 short sword.
You shoot an arrow. The arrow barely misses Dowan.
Duvessa closely misses you.
Dowan hits you with a +0 dagger of protection.
You shoot an arrow. The arrow barely misses Dowan.
Duvessa hits you with a +0 short sword. Dowan casts a spell at you.
The puff of frost hits you.
Duvessa says, "Where magic fails, the sword succeeds!"
Duvessa hits you with a +0 short sword.
2302 ||| READING 2 scrolls of teleportation.
As you read the scroll of teleportation, it crumbles to dust.
You feel strangely unstable. Duvessa barely misses you.
Dowan hits you with a +0 dagger of protection.
Duvessa hits you with a +0 short sword!
You die...

####### # #Be@e.# ##
#.###.#############.
#[ #...............
#. ###############.
#. ## #. # #. # #. #
.


You could see Duvessa (fast), Dowan and a giant cockroach.

Vanquished Creatures
  A bombardier beetle (D:4)
  An orc priest (D:3)
  3 gnolls (D:4)
  4 adders
  3 dart slugs
  A ribbon worm (D:3)
  6 orcs (D:3)
  7 ball pythons
  4 endoplasms
  5 giant cockroaches
  8 hobgoblins
  9 kobolds
  5 quokkas
  5 bats
  5 frilled lizards
  10 goblins
  8 rats
85 creatures vanquished.

Notes
Turn   | Place    | Note
-------+----------+-------------------------------------------
     0 | D:1      | qw the Deep Elf Hunter began the quest for the Orb.
     0 | D:1      | Reached XP level 1. HP: 12/12 MP: 3/3
     0 | D:1      | 0 ||| qw: Version: 0.3-a-155-g5e7d8dd
     0 | D:1      | 0 ||| qw: Game counter: 2977
     0 | D:1      | 0 ||| qw: Melee chars always use a shield: true
     0 | D:1      | 0 ||| qw: God list: Okawaru
     0 | D:1      | 0 ||| qw: Allow faded altars: false
     0 | D:1      | 0 ||| qw: Do Orc after clearing Dungeon:15 true
     0 | D:1      | 0 ||| qw: Do second Lair branch before Depths: true
     0 | D:1      | 0 ||| qw: Lair rune preference: random
     0 | D:1      | 0 ||| qw: Goals: Normal
     0 | D:1      | 0 ||| PLANNING D:1-11
   136 | D:1      | Reached skill level 6 in Ranged Weapons
   136 | D:1      | Reached XP level 2. HP: 12/16 MP: 4/4
   441 | D:1      | Found Qady's Book Boutique.
   451 | D:1      | Reached XP level 3. HP: 18/20 MP: 5/5
   582 | D:1      | 582 ||| UPGRADING to +0 helmet.
   587 | D:1      | 587 ||| UPGRADING to +0 pair of boots.
   592 | D:1      | 592 ||| READING scroll labelled GIUR LUMELOS.
   593 | D:1      | 593 ||| READING 2 scrolls labelled GUVVOD DY TYCS.
   593 | D:1      | 593 ||| IDENTIFYING sapphire potion
   594 | D:1      | 594 ||| READING scroll of identify.
   594 | D:1      | 594 ||| IDENTIFYING glowing black potion
   595 | D:1      | 595 ||| READING scroll labelled JITEIMNERO.
   596 | D:1      | 596 ||| READING scroll labelled RORIVUSCHAYZADA.
   596 | D:1      | 596 ||| ENCHANTING +0 shortbow.
   597 | D:1      | 597 ||| DROPPING scroll of butterflies.
   598 | D:1      | 598 ||| DROPPING potion of ambrosia.
   615 | D:2      | 615 ||| STAIRDANCE
   668 | D:2      | Reached skill level 7 in Ranged Weapons
   688 | D:2      | Found a faded altar of an unknown god.
   878 | D:2      | Reached XP level 4. HP: 25/25 MP: 6/6
   944 | D:2      | Found a radiant altar of Vehumet.
  1205 | D:2      | 1205 ||| UPGRADING to +0 ring mail.
  1215 | D:2      | 1215 ||| DROPPING +0 leather armour.
  1303 | D:3      | Reached skill level 8 in Ranged Weapons
  1381 | D:3      | 1381 ||| FLEEEEING.
  1382 | D:3      | 1382 ||| FLEEEEING.
  1383 | D:3      | 1383 ||| FLEEEEING.
  1384 | D:3      | 1384 ||| FLEEEEING.
  1385 | D:3      | 1385 ||| FLEEEEING.
  1386 | D:3      | 1386 ||| FLEEEEING.
  1387 | D:3      | 1387 ||| STAIRDANCE
  1480 | D:3      | 1480 ||| FLEEEEING.
  1490 | D:3      | Reached XP level 5. HP: 8/29 MP: 7/7
  1491 | D:3      | HP: 7/29 [poisoned by a kobold]
  1492 | D:3      | 1492 ||| FLEEEEING.
  1493 | D:3      | 1493 ||| FLEEEEING.
  1496 | D:3      | 1496 ||| FLEEEEING.
  1521 | D:3      | 1521 ||| FLEEEEING.
  1522 | D:3      | 1522 ||| FLEEEEING.
  1523 | D:3      | 1523 ||| FLEEEEING.
  1967 | D:3      | 1967 ||| READING 4 scrolls of identify.
  1967 | D:3      | 1967 ||| IDENTIFYING 2 ruby potions
  1968 | D:3      | 1968 ||| READING 3 scrolls of identify.
  1968 | D:3      | 1968 ||| IDENTIFYING scroll labelled EWKOWOSOMA
  1969 | D:3      | 1969 ||| READING 2 scrolls of identify.
  1969 | D:3      | 1969 ||| IDENTIFYING scroll labelled YREROL GOTUA
  1970 | D:3      | 1970 ||| READING scroll of identify.
  1970 | D:3      | 1970 ||| IDENTIFYING scroll labelled ZYCRIR ICOCUSH
  1971 | D:3      | 1971 ||| READING 2 scrolls labelled PEESIOR RAYPPU.
  2072 | D:3      | 2072 ||| DROPPING scroll of silence.
  2073 | D:3      | 2073 ||| DROPPING scroll of poison.
  2074 | D:3      | 2074 ||| DROPPING scroll of noise.
  2125 | D:4      | Reached skill level 9 in Ranged Weapons
  2288 | D:4      | Noticed Dowan
  2290 | D:4      | Noticed Duvessa
  2297 | D:4      | 2297 ||| RETREEEEATING.
  2301 | D:4      | HP: 5/30 [Dowan/puff of frost (5)]
  2302 | D:4      | 2302 ||| READING 2 scrolls of teleportation.
  2302 | D:4      | Slain by Duvessa

Levels and vault maps discovered:
D:1:      erik_arrival_blinker_ship, layout_basic, serial_shops, shop,
          minmay_pentomino_x2
D:2:      layout_loops_ring, basic_altar,
          dreamdust_ecumenical_altar_angels_and_demons
D:3:      layout_loops_ring, kennysheep_cross_bottleneck
D:4:      layout_loops_ring, serial_shops, nicolae_square_shop,
          nicolae_half_adder, uniq_duvessa

Skill      XL: |  1  2  3  4  5 |
---------------+----------------+-----
Ranged Weapons | 6 7 8 9 |  9.0
Fighting       | 2 |  2.0
Dodging        | |  2.4
Stealth        | |  1.2

Action                     |  1- 3 |  4- 6 || total
---------------------------+-------+-------++-------
   Fire: Shortbow          |   125 |   131 ||   256
    Use: Scroll            |     5 |     6 ||    11
 Armour: Leather armour    |    25 |     1 ||    26
         Ring mail         |       |    36 ||    36
  Dodge: Dodged            |    20 |    43 ||    63

Table legend:
 A = Non-vault XP
 B = Vault XP
 C = Vault XP percentage of total XP
 D = Non-vault monster count
 E = Vault monster count
 F = Vault count percentage of total count
                 A         B        C        D         E       F
            +---------+---------+-------+---------+---------+-------
      Total |     316 |       3 |   0.9 |      83 |       2 |   2.4
            +---------+---------+-------+---------+---------+-------
        D:1 |      58 |       3 |   4.9 |      28 |       2 |   6.7
        D:2 |      46 |       0 |   0.0 |      22 |       0 |   0.0
        D:3 |     105 |       0 |   0.0 |      26 |       0 |   0.0
        D:4 |     107 |       0 |   0.0 |       7 |       0 |   0.0
            +---------+---------+-------+---------+---------+-------
